 Dungeon Crawl Stone Soup version 0.29.1-1-gd02db6906a (webtiles) character file.

Game seed: 12629461422268659045

480377 pipb0y the Evocator (level 23, -8/127 HPs)
             Began as a Spriggan Hunter on Oct 12, 2022.
             Was the Champion of Hepliaklqana.
             Killed from afar by an acid blob (22 damage)
             ... with a splash of acid
             ... on level 5 of the Pits of Slime.
             The game lasted 04:13:10 (100038 turns).

pipb0y the Evocator (Spriggan Hunter)             Turns: 100038, Time: 04:13:10

Health: -8/127     AC: -5    Str: 11    XL:     23   Next: 40%
Magic:  0/42       EV: 60    Int: 11    God:    Hepliaklqana [******]
Gold:   6142       SH:  0    Dex: 41    Spells: 22/22 levels left

rFire   + . .      SeeInvis +   G - +9 shortbow of Skirmishing {venom, Fragile Str+4}
rCold   + . .      Faith    .   (shield currently unavailable)
rNeg    + + +      Spirit   +   U - +4 robe of Hangman {Dex+3 Slay+2}
rPois   .          Reflect  .   (helmet restricted)
rElec   +          Harm     .   L - scarf {rC+ rF+}
rCorr   .          Rampage  .   (gloves unavailable)
Will    +++..                   (boots unavailable)
Stlth   +++.......              Y - amulet of Ducuarel {Spirit rElec}
HPRegen 0.31/turn               o - +6 ring of dexterity
MPRegen 0.28/turn               T - ring "Paurphuod" {rElec rN+++ Will- MP+9 Dex+3}

@: about to teleport, corroded, studying Dodging, very quick
A: reduced essence, very small, no large weapons, unfitting armour, see
invisible, speed 3
}: 3/15 runes: serpentine, barnacled, silver
a: Renounce Religion, Recall Ancestor, Ancestor Identity, Transference, Idealise


You were on level 5 of the Pits of Slime.
You worshipped Hepliaklqana.
Hepliaklqana was exalted by your worship.
You visited 9 branches of the dungeon, and saw 44 of its levels.
You also visited: Sewer, Gauntlet and Volcano.

You collected 7460 gold pieces.
You spent 1318 gold pieces at shops.

Inventory:

Hand Weapons
 G - the +9 shortbow of Skirmishing (weapon) {venom, Fragile Str+4}
   (You took it off a deep elf archer on level 3 of the Elven Halls)

   Any ammunition fired from it poisons the flesh of those it strikes.
   Str:       It affects your strength (+4).
   Fragile:   It will be destroyed if unequipped.
 P - a +0 hand crossbow of flaming
 W - a +6 arbalest of flaming
Armour
 c - +0 gold dragon scales
 L - a scarf of resistance (worn)
 N - the +2 cloak of the New World {Harm rElec Dex-4}
   (You found it on level 2 of the Elven Halls)

   Dex:       It affects your dexterity (-4).
   rElec:     It insulates you from electricity.
   Harm:      It increases damage dealt and taken.
 O - the +0 robe of Fedhas's Grace {rN++}
   (You found it on level 14 of the Dungeon)

   rN:        It greatly protects you from negative energy.
 U - the +4 robe of Hangman (worn) {Dex+3 Slay+2}
   (You found it on level 4 of the Snake Pit)

   Dex:       It affects your dexterity (+3).
   Slay:      It affects your accuracy & damage with ranged weapons and melee
   (+2).
Jewellery
 b - an amulet of reflection
 o - a +6 ring of dexterity (left hand)
 A - a ring of Tender Moments {rElec rC+ Int+3}
   (You took it off a deep elf zephyrmancer on level 3 of the Elven Halls)

   [ring of protection from cold]

   Int:       It affects your intelligence (+3).
   rC:        It protects you from cold.
   rElec:     It insulates you from electricity.
 T - the ring "Paurphuod" (right hand) {rElec rN+++ Will- MP+9 Dex+3}
   (You found it on level 2 of the Shoals)

   [ring of magical power]

   Dex:       It affects your dexterity (+3).
   rElec:     It insulates you from electricity.
   rN:        It renders you almost immune to negative energy.
   MP:        It affects your magic capacity (+9).
   Will:      It decreases your willpower.
 Y - the amulet of Ducuarel (around neck) {Spirit rElec}
   (You took it off a vault warden on level 5 of the Vaults)

   [amulet of guardian spirit]

   It causes incoming damage to be divided between your reserves of health and
   magic.
   rElec:     It insulates you from electricity.
Wands
 j - a wand of mindburst (44)
 l - a wand of paralysis (15)
 p - a wand of flame (58)
 q - a wand of digging (8)
 r - a wand of iceblast (11)
 I - a wand of polymorph (19)
 K - a wand of acid (15)
Scrolls
 e - 10 scrolls of fear
 k - 13 scrolls of teleportation
 t - a scroll of summoning
 w - 5 scrolls of amnesia
 B - a scroll of magic mapping
 C - 7 scrolls of enchant armour
 V - a scroll of silence
Potions
 a - 3 potions of brilliance
 d - 3 potions of berserk rage
 f - 6 potions of invisibility
 g - a potion of heal wounds
 i - 6 potions of haste
 m - 6 potions of cancellation
 n - 11 potions of might
 s - 7 potions of flight
 v - 4 potions of resistance
 z - 19 potions of curing
 D - 3 potions of ambrosia
 Q - a potion of magic
Miscellaneous
 x - a piece from Xom's chessboard (15/15)
 y - a condenser vane
 E - a box of beasts
 F - a phantom mirror
 H - a tin of tremorstones (2/2)
 J - a lightning rod (4/4)
 Z - a phial of floods


   Skills:
 - Level 22.0 Fighting
 - Level 0.4(0.5) Short Blades
 - Level 0.2(0.3) Long Blades
 - Level 0.2(0.4) Axes
 - Level 0.2(0.3) Maces & Flails
 - Level 0.2(0.3) Polearms
 - Level 0.3(0.4) Staves
 - Level 18.0 Ranged Weapons
 - Level 0.4 Throwing
 - Level 11.0 Armour
 - Level 22.0 Dodging
 - Level 1.5 Stealth
 - Level 0.2 Shields
 - Level 0.2 Conjurations
 - Level 0.6 Hexes
 - Level 0.2 Summonings
 - Level 0.4 Necromancy
 - Level 1.1 Translocations
 - Level 0.9 Transmutations
 - Level 0.3 Fire Magic
 - Level 0.2 Ice Magic
 - Level 0.3 Air Magic
 - Level 0.2 Earth Magic
 - Level 0.3 Poison Magic
 + Level 12.2 Invocations
 - Level 25.0 Evocations


You had 22 spell levels left.
You didn't know any spells.
Your spell library contained the following spells:

 Spells                   Type           Power      Damage    Failure   Level
 Beastly Appendage        Tmut           4%         N/A       24%         1
 Freeze                   Ice            0%         1d3       32%         1
 Magic Dart               Conj           0%         1d3       32%         1
 Sandblast                Erth           0%         2d4       32%         1
 Summon Small Mammal      Summ           0%         N/A       32%         1
 Wereblood                Tmut           2%         N/A       36%         2
 Passwall                 Tmut/Erth      0%         N/A       38%         2
 Ensorcelled Hibernation  Hex/Ice        0%         N/A       41%         2
 Static Discharge         Conj/Air       0%         3-3/arc   43%         2
 Searing Ray              Conj           0%         2d4       45%         2
 Teleport Other           Tloc           2%         N/A       56%         3
 Portal Projectile        Hex/Tloc       2%         N/A       58%         3
 Confusing Touch          Hex            1%         N/A       63%         3
 Spider Form              Tmut/Pois      1%         N/A       63%         3
 Ignite Poison            Fire/Tmut/Pois 1%         N/A       65%         3
 Summon Guardian Golem    Hex/Summ       0%         N/A       65%         3
 Conjure Flame            Conj/Fire      0%         6-21      67%         3
 Frozen Ramparts          Ice            0%         1d1       69%         3
 Ozocubu's Armour         Ice            0%         N/A       69%         3
 Stone Arrow              Conj/Erth      0%         3d7       69%         3
 Cause Fear               Hex            0%         N/A       95%         4
 Ice Form                 Ice/Tmut       1%         N/A       95%         4
 Anguish                  Hex/Necr       0%         N/A       96%         4
 Animate Dead             Necr           1%         N/A       96%         4
 Dispel Undead            Necr           1%         3d6       96%         4
 Leda's Liquefaction      Hex/Erth       0%         N/A       96%         4
 Flame Wave               Conj/Fire      0%         2d4       97%         4
 Fulminant Prism          Conj/Hex       0%         3d6       97%         4
 Hailstorm                Conj/Ice       0%         3d3       97%         4
 Olgreb's Toxic Radiance  Pois           0%         N/A       97%         4
 Sticky Flame             Conj/Fire      0%         2d3       97%         4
 Summon Lightning Spire   Summ/Air       0%         N/A       97%         4
 Alistair's Intoxication  Tmut/Pois      0%         N/A       100%        5
 Borgnjor's Vile Clutch   Necr/Erth      0%         N/A       100%        5
 Fireball                 Conj/Fire      0%         3d3       100%        5
 Iskenderun's Battlesphe  Conj           0%         2d6       100%        5
 Lee's Rapid Deconstruct  Erth           0%         3d5*      100%        5
 Summon Forest            Summ/Tloc      0%         N/A       100%        5
 Yara's Violent Unravell  Hex/Tmut       0%         3d3       100%        5
 Conjure Ball Lightning   Conj/Air       0%         3x3d6     100%        6
 Death Channel            Necr           0%         N/A       100%        6
 Eringya's Noxious Bog    Tmut/Pois      0%         N/A       100%        6
 Statue Form              Tmut/Erth      0%         N/A       100%        6
 Dragon Form              Tmut           1%         N/A       100%        7
 Enfeeble                 Hex            0%         N/A       100%        7
 Haunt                    Necr/Summ      0%         N/A       100%        7
 Malign Gateway           Summ/Tloc      0%         N/A       100%        7
 Monstrous Menagerie      Summ           0%         N/A       100%        7
 Orb of Destruction       Conj           0%         9d5       100%        7
 Ozocubu's Refrigeration  Ice            0%         4d7       100%        7
 Spellforged Servitor     Conj/Summ      0%         N/A       100%        7
 Storm Form               Tmut/Air       0%         N/A       100%        7
 Discord                  Hex            0%         N/A       100%        8
 Disjunction              Tloc           1%         N/A       100%        8
 Ignition                 Fire           0%         3d3       100%        8
 Infestation              Necr           0%         N/A       100%        8
 Maxwell's Capacitive Co  Air            0%         ∞         100%        8
 Summon Horrible Things   Summ           0%         N/A       100%        8
 Dragon's Call            Summ           0%         N/A       100%        9


Dungeon Overview and Level Annotations

Branches:
Dungeon (15/15)            Temple (1/1) D:7            Lair (5/5) D:11
 Shoals (4/4) Lair:2        Snake (4/4) Lair:3        Slime (5/5) Lair:5
    Orc (2/2) D:12            Elf (3/3) Orc:2        Vaults (5/5) D:13
  Crypt (0/3) Vaults:3     Depths (0/4) D:15          Sewer (visited)
Volcano (visited)         Gauntlet (visited)

Altars:
Ashenzari
Cheibriados
Dithmenos
Elyvilon
Fedhas
Gozag
Hepliaklqana
Kikubaaqudgha
Makhleb
Nemelex Xobeh
Okawaru
Qazlal
Ru
Sif Muna
Trog
Uskayaw
Vehumet
Wu Jian
Xom
Yredelemnul
Zin
The Shining One
Jiyva

Shops:
D:15 =   Orc:2 (!([*   Elf:1 *!   Elf:2 !   Shoals:1 :=!   Shoals:3 :
Snake:1 :

Annotations:
D:9 2 runed translucent doors
Shoals:1 2 transporters, 112233's ghost, adept DsEE


Innate Abilities, Weirdness & Mutations

Your life essence is reduced to manifest your ancestor. (-10% HP)
You are very small and have problems with some larger weapons.
You are too small for most types of armour.
You have supernaturally acute eyesight. (SInv)
You cover ground extremely quickly. (Speed+++)


Message History

* * * LOW HITPOINT WARNING * * *
You stumble backwards!
You feel much better. The rockslime barely misses you.
A great orb of eyes comes into view.
Belshunu hits the rockslime with a +0 broad axe of flaming.
An acid blob comes into view.
As you read the scroll of fear, it crumbles to dust.
You assume a fearsome visage.
The slime creature looks frightened!
The acid blob resists with almost no effort. x4
The rockslime looks frightened!
The acid blob spits acid at you. The splash of acid hits you!!
* * * LOW HITPOINT WARNING * * *
The acid blob spits acid at you. The splash of acid misses you.
You feel much better. The acid blob spits acid at you.
The splash of acid hits you!!
* * * LOW HITPOINT WARNING * * *
The acid corrodes you! The acid blob spits acid at you.
The splash of acid misses you.
Belshunu hits the rockslime with a +0 broad axe of flaming!
The rockslime dies!
The acid blob spits acid at you. The splash of acid misses you.
As you read the scroll of teleportation, it crumbles to dust.
You feel strangely unstable. The acid blob spits acid at you.
The splash of acid misses you.
You feel much better.
The acid blob jiggles.
The acid blob spits acid at you. The splash of acid hits you!!
* * * LOW HITPOINT WARNING * * *
The acid corrodes you!
A slime creature comes into view.
A great orb of eyes comes into view.
The acid blob spits acid at you. The splash of acid hits you!!
You die...

######
###....#####
##.....#....##
##...@........##
#...............
#........R.......
....J.J...JG......
..................
.......J..........
..............J...
.......G..........
.................


You could see the friendly Belshunu the knight (reflecting), 4 acid blobs, 2
great orbs of eyes and a slime creature (distracted).

Vanquished Creatures
  Dissolution (Slime:2)
  Mara (Elf:3)
  Margery (Vaults:4)
  2 golden dragons
  4 tentacled monstrosities (Elf:2)
  Rupert (D:15)
  3 quicksilver dragons (Vaults:5)
  2 deep elf blademasters (Elf:3)
  2 titans (Vaults:5)
  3 deep elf master archers (Elf:3)
  4 acid blobs
  2 krakens
  2 sphinxes
  The ghost of Pileg the Severer, an adept FoFi of Okawaru (Elf:2)
  Roxanne (Elf:3)
  3 nagarajas
  2 shadow dragons (Vaults:5)
  5 tengu reavers (Vaults:5)
  4 azure jellies
  2 rockslimes
  A storm dragon (Vaults:5)
  5 deep elf sorcerers
  A fire giant (Vaults:5)
  15 vault wardens
  A frost giant (Vaults:3)
  Aizul (Snake:4)
  A deep elf elementalist (Elf:3)
  2 orc warlords
  A cacodemon (Elf:2)
  Louise (D:14)
  A war gargoyle (Vaults:5)
  9 ironbound preservers
  A quicksilver ooze (shapeshifter) (Elf:2)
  4 quicksilver oozes
  9 stone giants
  9 very ugly things
  8 ironbound thunderhulks
  2 deep elf demonologists
  An entropy weaver (Vaults:4)
  An entropy weaver (shapeshifter) (D:15)
  8 deep elf annihilators
  12 dire elephants
  2 deep elf death magi
  An ettin (Orc:2)
  A fire dragon (Volcano)
  2 merfolk javelineers
  6 yaktaur captains
  Josephine (D:13)
  3 deep elf high priests
  8 merfolk impalers
  3 salamander tyrants (Snake:4)
  10 great orbs of eyes
  23 vault guards
  A peacekeeper (Vaults:2)
  2 merfolk avatars
  4 ogre magi (Vaults:5)
  5 hydras
  4 ironbound frosthearts
  15 anacondas
  3 boulder beetles
  A catoblepas (Lair:5)
  18 two-headed ogres
  9 naga warriors
  18 centaur warriors
  19 dancing weapons
  2 merfolk aquamancers (Shoals:4)
  A deep troll shaman (Lair:5)
  A satyr (Shoals:4)
  An alligator snapping turtle (Shoals:4)
  A deep troll earth mage (D:14)
  4 death yaks (Lair:5)
  3 tengu warriors
  11 naga sharpshooters
  8 shock serpents
  11 deep elf knights
  Nergalle (Orc:1)
  2 hell knights (Vaults:4)
  2 skeletal warriors (D:13)
  A flayed ghost (Vaults:5)
  6 salamander mystics (Snake:4)
  Amaemon (Lair:1)
  An orb spider (shapeshifter) (Elf:2)
  3 glowing orange brains
  13 sea snakes
  26 deep trolls
  20 ironbound convokers
  2 necromancers (Vaults:4)
  3 naga ritualists
  3 phantasmal warriors (Vaults:5)
  7 deep elf archers
  2 orc knights
  2 orange crystal statues
  A kraken simulacrum (Shoals:4)
  3 wizards
  6 lindwurms
  28 deep elf pyromancers
  14 deep elf zephyrmancers
  32 harpies
  2 orc sorcerers
  13 ugly things
  14 fauns
  3 shining eyes
  19 mana vipers
  A wolf spider (D:15)
  19 salamanders
  10 manticores
  Maurice (D:9)
  7 merfolk sirens
  11 cyclopes
  7 elephants
  10 guardian serpents
  13 naga magi
  An eye of devastation (shapeshifter) (Vaults:5)
  3 eyes of devastation
  19 vault sentinels
  29 black mambas
  A gargoyle (D:13)
  14 cane toads
  5 water nymphs
  2 rime drakes
  2 efreet
  20 komodo dragons
  A freezing wraith (Vaults:5)
  5 kobold demonologists
  A komodo dragon (shapeshifter) (D:13)
  13 yaktaurs
  2 tengu conjurers
  A polar bear (shapeshifter) (Elf:2)
  25 merfolk
  2 meliai (D:14)
  2 polar bears
  A tarantella (Vaults:5)
  5 trolls
  A dream sheep (shapeshifter) (Vaults:2)
  A hornet (Lair:3)
  Grinder (D:3)
  27 blink frogs
  53 slime creatures
  6 wind drakes
  9 snapping turtles
  13 dream sheep
  A centaur simulacrum (D:14)
  2 shadows
  8 water elementals
  A jumping spider (Vaults:5)
  9 wyverns
  24 yaks
  A fire elemental (Elf:3)
  A hog (shapeshifter) (D:14)
  7 wraiths
  6 fire bats (Volcano)
  A human (D:8)
  4 redbacks
  A wyvern (shapeshifter) (Elf:2)
  4 hogs (D:8)
  7 vampire mosquitoes
  6 basilisks
  3 steam dragons
  A human simulacrum (Vaults:4)
  3 wargs
  3 swamp worms (Lair:2)
  19 nagas
  2 acid dragons
  8 water moccasins
  26 orc warriors
  A floating eye (Gauntlet)
  2 sky beasts
  A swamp drake (shapeshifter) (Elf:2)
  14 centaurs
  A wolf (shapeshifter) (Vaults:5)
  15 ogres
  16 wolves
  2 boggarts (Vaults:1)
  An ogre (shapeshifter) (Elf:2)
  5 kobold brigands
  2 phantoms
  15 bullfrogs
  An earth elemental (Elf:2)
  2 wyvern zombies (D:7)
  A necrophage (D:7)
  A gnoll sergeant (D:9)
  6 scorpions
  5 wights
  11 killer bees
  5 electric eels
  2 howler monkeys
  3 lava snakes (D:10)
  3 bullfrog zombies (D:7)
  A centaur zombie (D:7)
  6 jellies
  7 orc priests
  3 gnoll boudas
  3 hounds
  2 iguanas
  12 orc wizards
  A killer bee zombie (D:7)
  6 ogre zombies (D:12)
  20 gnolls
  11 adders
  4 white imps
  An ufetubus (D:5)
  3 worms
  A dart slug (D:2)
  53 orcs
  18 ball pythons
  3 bats
  14 endoplasms
  7 giant cockroaches
  6 goblins
  2 hobgoblins
  12 jackals
  25 kobolds
  A quokka (D:1)
  6 frilled lizards
  3 goblin skeletons (D:12)
  A goblin zombie (D:12)
  A hobgoblin skeleton (D:12)
  2 hobgoblin zombies (D:12)
  4 orc skeletons (D:12)
  6 orc zombies (D:12)
  13 rats
  9 tentacles
1446 creatures vanquished.

Vanquished Creatures (collateral kills)
  A dread lich (Vaults:5)
  An ancient lich (Vaults:5)
  Nikola (Snake:4)
  2 tentacled monstrosities (Vaults:5)
  2 titans (Vaults:5)
  A deep elf blademaster (Elf:3)
  2 acid blobs (Slime:5)
  A sphinx (Vaults:4)
  A shadow dragon (Vaults:5)
  A kraken (Shoals:4)
  The ghost of Zipteul the Fencer, an adept NaBe of Trog (Shoals:2)
  3 rockslimes
  A nagaraja (Snake:2)
  2 vault wardens
  4 fire giants
  2 azure jellies
  A frost giant (Vaults:5)
  2 deep elf sorcerers
  4 very ugly things
  2 war gargoyles
  2 stone giants (Vaults:3)
  8 ironbound preservers
  A quicksilver ooze (Slime:5)
  An ironbound thunderhulk (Vaults:2)
  2 deep elf demonologists (Elf:3)
  A minotaur (Gauntlet)
  4 deep elf annihilators
  An entropy weaver (Vaults:2)
  4 dire elephants
  A crystal guardian (Vaults:2)
  An ettin (Vaults:5)
  3 merfolk impalers
  A deep elf high priest (Elf:3)
  5 great orbs of eyes
  3 anacondas
  12 vault guards
  An ogre mage (Vaults:5)
  2 hydras
  2 yaktaur captains (Vaults:5)
  A rakshasa (D:15)
  Erica (Lair:1)
  A two-headed ogre (Vaults:5)
  3 centaur warriors
  2 naga warriors (Snake:3)
  6 dancing weapons
  5 ironbound frosthearts
  3 death yaks
  3 shock serpents
  2 naga sharpshooters (Snake:4)
  5 deep elf knights
  3 hell knights (Vaults:4)
  A skeletal warrior (D:13)
  9 deep trolls
  4 sea snakes
  2 deep elf archers (Elf:2)
  A flayed ghost (Vaults:5)
  A glowing orange brain (Slime:4)
  A phantasmal warrior (Vaults:5)
  4 wizards
  4 naga ritualists
  A necromancer (Vaults:4)
  8 harpies
  3 deep elf pyromancers (Elf:2)
  4 mana vipers
  6 deep elf zephyrmancers
  2 manticores
  5 ironbound convokers
  An orc knight (Vaults:5)
  A lindwurm (Snake:4)
  A human zombie (Vaults:4)
  3 fauns
  6 salamanders
  5 ugly things
  An elephant (Lair:5)
  5 vault sentinels
  2 guardian serpents
  A water nymph (Shoals:4)
  2 merfolk sirens
  8 black mambas
  An orange demon (Lair:1)
  A naga mage (Snake:4)
  An eye of devastation (Gauntlet)
  A black mamba (shapeshifter) (Vaults:5)
  A cane toad (Lair:2)
  A gargoyle (D:12)
  2 freezing wraiths
  A rime drake (shapeshifter) (Elf:2)
  3 komodo dragons
  An ice devil (Gauntlet)
  4 yaktaurs
  5 wind drakes
  2 meliai
  A troll (Orc:1)
  5 merfolk
  41 slime creatures
  2 blink frogs
  A slime creature (shapeshifter) (Vaults:5)
  2 dream sheep
  3 snapping turtles
  A shadow (D:12)
  A fire bat (Volcano)
  A basilisk (Lair:2)
  A golden eye (Gauntlet)
  A water elemental (Shoals:4)
  A steam dragon (Volcano)
  A redback (Vaults:5)
  8 nagas
  A water moccasin (Lair:4)
  A glowing shapeshifter skeleton (Vaults:4)
  2 orc warriors
  An ogre (Vaults:5)
  2 wolves
  2 boggarts (Vaults:1)
  A phantom (D:12)
  A bullfrog (Lair:1)
  A troll zombie (D:12)
  2 orc priests (Orc:1)
  2 orc wizards (Orc:1)
  An ogre zombie (D:12)
  2 white imps (Gauntlet)
  12 orcs
  A goblin zombie (D:12)
  A hobgoblin zombie (D:12)
  2 orc skeletons (D:12)
  4 orc zombies (D:12)
  A tentacle (Shoals:3)
351 creatures vanquished.

Vanquished Creatures (others)
  2 vault wardens
  3 yaktaur captains
  2 centaur warriors
  A deep elf knight (Elf:2)
  2 deep elf archers (Elf:2)
  A salamander (Snake:4)
  A yaktaur (Vaults:4)
  29 knights
  3 ancestors
  9 demonic plants
  28 fungi
  183 plants
  32 tentacles
296 creatures vanquished.

Grand Total: 2093 creatures vanquished

Notes
Turn   | Place    | Note
-------+----------+-------------------------------------------
     0 | D:1      | pipb0y the Spriggan Hunter began the quest for the Orb.
     0 | D:1      | Reached XP level 1. HP: 10/10 MP: 2/2
    27 | D:1      | Reached XP level 2. HP: 6/14 MP: 3/3
   430 | D:1      | Found a faded altar of an unknown god.
   915 | D:1      | Reached XP level 3. HP: 11/18 MP: 4/4
  1247 | D:2      | Reached skill level 5 in Ranged Weapons
  1691 | D:2      | Reached XP level 4. HP: 23/23 MP: 5/5
  1894 | D:3      | Noticed Grinder
  2317 | D:3      | Paralysed by Grinder for 5 turns
  2331 | D:3      | Killed Grinder
  2332 | D:3      | Reached XP level 5. HP: 13/27 MP: 6/6
  2332 | D:3      | Reached XP level 6. HP: 16/32 MP: 7/7
  2509 | D:3      | Found a blossoming altar of Fedhas.
  2545 | D:3      | Found a shimmering blue altar of Sif Muna.
  2998 | D:4      | Found a glowing drain.
  3013 | Sewer    | Entered a sewer
  3154 | Sewer    | Found a viscous altar of Jiyva.
  3197 | Sewer    | Reached XP level 7. HP: 35/35 MP: 8/8
  4026 | D:5      | Entered Level 5 of the Dungeon
  4151 | D:5      | Found an ancient bone altar of Kikubaaqudgha.
  4160 | D:5      | Reached XP level 8. HP: 40/40 MP: 9/9
  4445 | D:5      | Identified the +6 falchion "Haor" {flame, Contam *Rage
                  | rPois Int+9}
  5095 | D:6      | Reached skill level 10 in Ranged Weapons
  5204 | D:6      | Found an iron altar of Okawaru.
  7864 | D:7      | Found a staircase to the Ecumenical Temple.
  7876 | Temple   | Entered the Ecumenical Temple
  8105 | D:7      | Reached XP level 9. HP: 46/46 MP: 10/10
  8670 | D:7      | Reached skill level 5 in Fighting
  9017 | D:7      | Found a basalt altar of Yredelemnul.
  9106 | D:7      | Found a broken altar of Ashenzari.
  9606 | D:8      | Noticed a two-headed ogre
  9615 | D:8      | Killed a two-headed ogre
  9679 | D:8      | Found a white marble altar of Elyvilon.
  9758 | D:8      | Reached XP level 10. HP: 53/53 MP: 11/11
 10097 | D:8      | Found a stormy altar of Qazlal.
 10180 | D:9      | Found a radiant altar of Vehumet.
 10530 | D:9      | Noticed Maurice
 10593 | D:9      | Noticed a two-headed ogre
 10596 | D:9      | Killed a two-headed ogre
 10713 | D:9      | Killed Maurice
 10952 | D:9      | Found a runed translucent door.
 10967 | D:9      | Found a runed translucent door.
 10982 | D:9      | Found a runed translucent door.
 10994 | D:9      | Found a runed translucent door.
 11197 | D:9      | Found a sparkling altar of Nemelex Xobeh.
 11492 | D:9      | Noticed an orange crystal statue
 11682 | D:9      | Killed an orange crystal statue
 11683 | D:9      | Reached skill level 15 in Ranged Weapons
 11827 | D:10     | Entered Level 10 of the Dungeon
 11827 | D:10     | Noticed a two-headed ogre
 12031 | D:10     | Killed a two-headed ogre
 12032 | D:10     | Reached XP level 11. HP: 58/58 MP: 12/12
 12054 | D:10     | Found a glowing silver altar of Zin.
 12081 | D:10     | Noticed a wizard
 12131 | D:10     | Noticed a two-headed ogre
 12492 | D:10     | Found a burning altar of Makhleb.
 12517 | D:10     | Found a shadowy altar of Dithmenos.
 12561 | D:10     | Found a shimmering altar of Xom.
 12562 | D:10     | Found a hazy altar of Hepliaklqana.
 12567 | D:10     | Became a worshipper of Hepliaklqana the Forgotten
 12593 | D:10     | Identified 2 scrolls of acquirement
 12593 | D:10     | Acquired 575 gold pieces
 12599 | D:10     | Acquired 392 gold pieces
 12626 | D:10     | Killed a two-headed ogre
 12798 | D:10     | Killed a wizard
 13383 | D:11     | Reached * piety under Hepliaklqana
 13419 | D:11     | Noticed a centaur warrior
 13427 | D:11     | Killed a centaur warrior
 13848 | D:11     | You fall into a shaft and drop 2 floors!
 13911 | D:13     | Noticed a cyan ugly thing
 14454 | D:13     | Noticed a skeletal warrior
 14454 | D:13     | Noticed a skeletal warrior
 14454 | D:13     | Noticed a skeletal warrior
 14565 | D:13     | Killed a cyan ugly thing
 14739 | D:12     | Reached ** piety under Hepliaklqana
 14740 | D:12     | Remembered your ancestor Belshunu as a knight
 14985 | D:12     | Noticed a two-headed ogre
 14994 | D:12     | Killed a two-headed ogre
 15026 | D:12     | Reached XP level 12. HP: 41/58 MP: 13/13
 15844 | D:11     | Found a staircase to the Lair.
 16794 | Lair:1   | Entered Level 1 of the Lair of Beasts
 17113 | Lair:1   | Noticed Amaemon
 17122 | Lair:1   | Killed Amaemon
 17323 | Lair:1   | Noticed Erica
 17574 | Lair:1   | Noticed a six-headed hydra
 17585 | Lair:1   | Killed a six-headed hydra
 17586 | Lair:1   | Reached skill level 10 in Fighting
 17792 | Lair:1   | Reached *** piety under Hepliaklqana
 18324 | Lair:1   | Killed Erica
 19543 | Lair:2   | Found a staircase to the Shoals.
 20304 | Lair:3   | Reached XP level 13. HP: 66/66 MP: 14/14
 20332 | Lair:3   | Reached **** piety under Hepliaklqana
 20360 | Lair:3   | Found a gate leading to a gauntlet.
 20376 | Gauntlet | Entered a Gauntlet
 20376 | Gauntlet | Found a transporter.
 20385 | Gauntlet | Found a transporter.
 20387 | Gauntlet | Found a transporter.
 20401 | Gauntlet | Found a runed translucent gate.
 20401 | Gauntlet | Found a runed translucent gate.
 20401 | Gauntlet | Found a runed translucent gate.
 20405 | Gauntlet | Found a transporter.
 20407 | Gauntlet | Found a transporter.
 20411 | Gauntlet | Found a runed translucent door.
 20411 | Gauntlet | Found a runed translucent door.
 20420 | Gauntlet | Found a transporter.
 20436 | Gauntlet | Found a runed translucent door.
 20437 | Gauntlet | Found a transporter.
 20438 | Gauntlet | Found a runed translucent door.
 20442 | Gauntlet | Found a transporter.
 20463 | Gauntlet | Found a transporter.
 20483 | Gauntlet | Found a transporter.
 20498 | Gauntlet | Found a transporter.
 20508 | Gauntlet | Found a transporter.
 20513 | Gauntlet | Found a transporter.
 20799 | Gauntlet | Paralysed by a floating eye for 4 turns
 20809 | Gauntlet | Paralysed by a floating eye for 2 turns
 21134 | Gauntlet | Noticed a minotaur
 21141 | Gauntlet | Killed a minotaur
 21854 | Lair:3   | Found a staircase to the Snake Pit.
 22437 | Lair:3   | Reached skill level 1 in Invocations
 24158 | Lair:4   | Found the +8 storm bow {elec, penet}
 24280 | Lair:4   | Found a dark tunnel.
 24293 | Volcano  | Entered a volcano
 24507 | Volcano  | Reached XP level 14. HP: 71/75 MP: 16/16
 25485 | Lair:4   | Got the Vellum of Twisted Transformation
 25615 | Lair:4   | Got the Folio of Production
 26465 | Lair:5   | Entered Level 5 of the Lair of Beasts
 26685 | Lair:5   | Reached skill level 15 in Fighting
 27166 | Lair:5   | Reached skill level 5 in Invocations
 27608 | Lair:5   | Found a viscous altar of Jiyva.
 27709 | Lair:5   | Found a staircase to the Slime Pits.
 27921 | Lair:5   | Reached skill level 5 in Dodging
 28227 | Lair:5   | Reached ***** piety under Hepliaklqana
 29870 | D:12     | Found a staircase to the Orcish Mines.
 30691 | D:13     | Noticed Josephine
 31132 | D:13     | Killed Josephine
 31382 | D:13     | Noticed an ironbound preserver
 31430 | D:13     | Reached skill level 10 in Dodging
 31433 | D:13     | Killed an ironbound preserver
 31853 | D:13     | Found a gate to the Vaults.
 31870 | D:13     | Reached XP level 15. HP: 81/81 MP: 20/20
 33467 | D:14     | Noticed Louise
 33479 | D:14     | Killed Louise
 35571 | D:14     | Identified the +0 robe of Fedhas's Grace {rN++}
 35815 | D:15     | Entered Level 15 of the Dungeon
 36146 | D:15     | Found Fah Vos's Jewellery Shop.
 36695 | D:15     | Noticed Rupert
 36940 | Orc:1    | Entered Level 1 of the Orcish Mines
 36954 | Orc:1    | Noticed Nergalle
 37012 | Orc:1    | Killed Nergalle
 37604 | Orc:2    | Entered Level 2 of the Orcish Mines
 37623 | Orc:2    | Reached skill level 1 in Evocations
 38289 | Orc:2    | Found Toezep's Firing Range.
 38302 | Orc:2    | Bought a +0 hand crossbow for 38 gold pieces
 38721 | Orc:2    | Found Qongiz's Antique Weapon Shoppe.
 38721 | Orc:2    | Found Gemnomeq's Armour Boutique.
 38723 | Orc:2    | Found Zofoqil's General Store.
 38725 | Orc:2    | Found Sianwoisia's Distillery.
 38902 | Orc:2    | Reached skill level 2 in Evocations
 39131 | Orc:2    | Found a staircase to the Elven Halls.
 40219 | D:15     | Killed Rupert
 40220 | D:15     | Reached skill level 15 in Dodging
 40748 | D:15     | Noticed a storm dragon
 40753 | D:15     | a storm dragon changed into an eight-headed hydra
 40762 | D:15     | Noticed an emperor scorpion
 40764 | D:15     | an emperor scorpion changed into a death yak
 40964 | D:15     | Found a staircase to the Depths.
 41522 | Shoals:1 | Entered Level 1 of the Shoals
 41696 | Shoals:1 | Found Xeenam's Jewellery Boutique.
 41839 | Shoals:1 | Found Qoitegg's Book Emporium.
 41843 | Shoals:1 | Bought a manual of Dodging for 1280 gold pieces
 43001 | Shoals:1 | Found a transporter.
 43003 | Shoals:1 | Found a transporter.
 43004 | Shoals:1 | Noticed 112233's ghost (adept DsEE)
 43033 | Shoals:1 | Found Mavvanacs's Distillery.
 43215 | Shoals:1 | Reached skill level 3 in Evocations
 43557 | Shoals:2 | Reached XP level 16. HP: 61/85 MP: 23/23
 44235 | Shoals:2 | Identified the +7 chain mail "Qaugrapho" {rElec rPois rC-}
 45161 | Shoals:2 | Found a runed translucent door.
 45162 | Shoals:2 | Noticed Zipteul's ghost (adept NaBe)
 45280 | Shoals:2 | Killed Zipteul's ghost
 45281 | Shoals:2 | Reached skill level 4 in Evocations
 45675 | Shoals:2 | Identified the ring "Paurphuod" {rElec rN+++ Will- MP+9
                  | Dex+3}
 45897 | Shoals:2 | Reached skill level 5 in Evocations
 46662 | Shoals:3 | Reached skill level 6 in Evocations
 46935 | Shoals:3 | Identified the +1 leather armour of the Moon {rN+}
 46950 | Shoals:3 | Found Cigubee's Self-Improvement Boutique.
 47098 | Shoals:3 | Reached skill level 7 in Evocations
 47318 | Shoals:3 | Noticed a kraken
 47461 | Shoals:3 | Killed a kraken
 47462 | Shoals:3 | Reached skill level 8 in Evocations
 48115 | Shoals:3 | Reached skill level 9 in Evocations
 48586 | Shoals:4 | Entered Level 4 of the Shoals
 48586 | Shoals:4 | Reached ****** piety under Hepliaklqana
 48820 | Shoals:4 | Reached skill level 10 in Evocations
 49026 | Shoals:4 | Reached skill level 1 in Armour
 50759 | Shoals:4 | Noticed a kraken
 50792 | Shoals:4 | Reached XP level 17. HP: 89/89 MP: 24/24
 50952 | Shoals:4 | Noticed a kraken
 50966 | Shoals:4 | Killed a kraken
 51378 | Shoals:4 | Reached skill level 5 in Armour
 51740 | Shoals:4 | Got a barnacled rune of Zot
 52249 | Shoals:4 | Killed a kraken
 52724 | Snake:1  | Entered Level 1 of the Snake Pit
 53020 | Snake:1  | Reached skill level 11 in Evocations
 53582 | Snake:1  | Found Plog's Tremendous Tomes.
 56215 | Snake:2  | Acquired 783 gold pieces
 60613 | Snake:3  | Reached XP level 18. HP: 78/93 MP: 25/25
 61176 | Snake:4  | Entered Level 4 of the Snake Pit
 61982 | Snake:4  | Reached skill level 10 in Armour
 62110 | Snake:4  | Identified the +4 robe of Hangman {Dex+3 Slay+2}
 62133 | Snake:4  | Reached skill level 12 in Evocations
 62852 | Snake:4  | Noticed Aizul
 62864 | Snake:4  | Killed Aizul
 63627 | Snake:4  | Reached skill level 10 in Invocations
 63988 | Snake:4  | Reached skill level 13 in Evocations
 64335 | Snake:4  | Got a serpentine rune of Zot
 64574 | Snake:4  | Noticed Nikola
 64598 | Snake:4  | Killed Nikola
 65814 | Elf:1    | Entered Level 1 of the Elven Halls
 66366 | Elf:1    | Reached skill level 14 in Evocations
 66436 | Elf:1    | Got the Volume of Invitation
 67310 | Elf:1    | Found Zocwuk's Assorted Antiques.
 67339 | Elf:1    | Found Deroq's Distillery.
 67744 | Elf:2    | Reached XP level 19. HP: 97/97 MP: 28/28
 67898 | Elf:2    | Found a runed translucent gate.
 67898 | Elf:2    | Found a runed translucent gate.
 67898 | Elf:2    | Found a runed translucent gate.
 67981 | Elf:2    | Found Xoxkod's Distillery.
 68080 | Elf:2    | Reached skill level 15 in Evocations
 68126 | Elf:2    | Found a magical portal.
 68299 | Elf:2    | Found a runed translucent gate.
 68304 | Elf:2    | Found a runed translucent gate.
 68304 | Elf:2    | Found a runed translucent gate.
 68709 | Elf:3    | Entered Level 3 of the Elven Halls
 68739 | Elf:3    | Reached skill level 16 in Evocations
 70252 | Elf:3    | Noticed Roxanne
 70260 | Elf:3    | Killed Roxanne
 70498 | Elf:3    | Identified the +11 plate armour of Surprise {rPois}
 70767 | Elf:3    | Noticed a Brimstone Fiend
 70788 | Elf:3    | Reached skill level 17 in Evocations
 70800 | Elf:3    | Noticed Mara
 70804 | Elf:3    | Killed Mara
 70844 | Elf:3    | Reached skill level 18 in Evocations
 71313 | Elf:3    | Identified the +0 leather armour "Diha Fao" {-Tele rElec
                  | Will++ rCorr}
 71666 | Elf:3    | Identified a ring of Tender Moments {rElec rC+ Int+3}
 71705 | Elf:3    | Identified the +1 scale mail of the Hidden Vale {Rampage
                  | rElec Will++ MP-9}
 71730 | Elf:3    | Identified the +9 shortbow of Skirmishing {venom, Fragile
                  | Str+4}
 71748 | Elf:3    | Reached skill level 19 in Evocations
 72773 | Elf:2    | Reached skill level 20 in Evocations
 72809 | Elf:2    | Found a runed translucent gate.
 72809 | Elf:2    | Found a runed translucent gate.
 72820 | Elf:2    | Found a runed translucent gate.
 72821 | Elf:2    | Noticed Pileg's ghost (adept FoFi)
 72920 | Elf:2    | Killed Pileg's ghost
 73624 | Elf:2    | Reached XP level 20. HP: 101/101 MP: 30/30
 73679 | Elf:2    | Reached skill level 21 in Evocations
 74968 | Elf:2    | Identified the +2 cloak of the New World {Harm rElec Dex-4}
 75256 | Vaults:1 | Entered Level 1 of the Vaults
 75397 | Vaults:1 | Reached skill level 22 in Evocations
 77063 | Vaults:1 | Reached skill level 23 in Evocations
 80039 | Vaults:2 | Reached skill level 24 in Evocations
 83518 | Vaults:3 | Reached XP level 21. HP: 106/106 MP: 31/31
 84012 | Vaults:3 | Acquired 1077 gold pieces
 84513 | Vaults:3 | Found a staircase to the Crypt.
 86550 | Vaults:4 | Noticed Margery
 86565 | Vaults:4 | Killed Margery
 88027 | Vaults:4 | Paralysed by a great orb of eyes for 2 turns
 88656 | Vaults:4 | Noticed a golden dragon
 88819 | Vaults:4 | Killed a golden dragon
 90192 | Vaults:5 | Entered Level 5 of the Vaults
 90197 | Vaults:5 | Reached XP level 22. HP: 117/117 MP: 32/32
 90199 | Vaults:5 | Noticed an ancient lich
 90681 | Vaults:5 | Identified the +10 long sword of the Grey Skies {flame,
                  | rElec rPois}
 91104 | Vaults:5 | Killed an ancient lich
 91119 | Vaults:5 | Identified the +9 scimitar of Nemelex Xobeh, Hugging
                  | {vorpal, Contam rElec rN++ Stlth+}
 91182 | Vaults:5 | Reached skill level 25 in Evocations
 91203 | Vaults:5 | Noticed a dread lich
 91213 | Vaults:5 | Killed a dread lich
 91558 | Vaults:5 | Identified the amulet of Ducuarel {Spirit rElec}
 91630 | Vaults:5 | Noticed a golden dragon
 91641 | Vaults:5 | Killed a golden dragon
 91818 | Vaults:5 | Got the Tome of Calling and the Salvo
 92854 | Vaults:5 | Got a silver rune of Zot
 94680 | Slime:1  | Entered Level 1 of the Pits of Slime
 94680 | Slime:1  | You fall into a shaft and drop 1 floor!
 94715 | Slime:2  | Reached XP level 23. HP: 126/126 MP: 33/33
 96011 | Slime:3  | Noticed Dissolution
 96029 | Slime:2  | Killed Dissolution
 99913 | Slime:5  | Entered Level 5 of the Pits of Slime
100003 | Slime:4  | Reached skill level 1 in Translocations
100038 | Slime:5  | Killed from afar by an acid blob

Illustrated notes

Levels and vault maps discovered:
D:1:      lemuel_arrival_rhombus, layout_loops_cross,
          shapermc_ecumenical_altar_gd
D:2:      layout_rooms, kennysheep_boxes
D:3:      layout_basic, mainiacjoe_overflow_alcove_2, overflow_temple_1_default,
          dreamdust_princess_corridor, kennysheep_generic_room_10, uniq_grinder
D:4:      layout_loops_ring, cheibrodos_sewer_entry_drain
D:5:      layout_loops_ring, kiku_gazebo_pond_becter
D:6:      layout_rooms, okawaru_ov_weapons_minmay
D:7:      layout_loops_ring, cheibrodos_ashenzari_chains,
          nicolae_yredelemnul_corpse_copse,
          minmay_temple_entry_statues_fountains
D:8:      layout_rooms, marbit_many_paths, mainiacjoe_overflow_paths,
          grunt_livestock, kennysheep_generic_room_5
D:9:      layout_cave_pools, kennysheep_mini_moat, mainiacjoe_overflow_chevrons,
          minmay_statue_crystal_thing, uniq_maurice
D:10:     layout_big_octagon, grunt_dithmenos_shadows,
          regret_index_temple_of_mockery, zin_statuary, bloody_makhleb,
          nicolae_lava_and_water
D:11:     layout_roguey, erik_lair_dragon, serial_co_window_serial,
          co_window_corner_a, co_window_corner_a, co_window_paths_a,
          co_window_of_opportunity_a, co_window_paths_a, co_window_2corner,
          co_window_unsneaky_path_c, co_window_corner_b, co_window_corner_ca,
          co_window_corner_cb, co_window_broadway_b, co_window_corner_ca,
          co_window_paths_d, glass_columns_a, glass_columns_c, glass_columns_a,
          glass_columns_a
D:12:     layout_long_grid, zombieorc2_lemuel
D:13:     layout_rooms, skrybe_vaults_entry_preservation, nicolae_hexahallways,
          grunt_decor_fettered, uniq_josephine
D:14:     layout_loops_corners, grunt_decor_cap, kennysheep_four_rooms,
          uniq_louise
D:15:     gammafunk_enter_depths_forms, layout_long_grid, skrybe_limestone_x,
          serial_shops, nicolae_shop_statue_plus, uniq_rupert
Temple:   hellmonk_temple_two_chambers
Lair:1:   layout_regular_city, uniq_erica, uniq_amaemon
Lair:2:   layout_regular_city, shoals_dummy_entry, worms_lemuel,
          infiniplex_staircase_pool_2
Lair:3:   nzn_winding_woodlands_medium [nzn_winding_woodlands_5x5_default,
          nzn_winding_woodlands_5x15_lazy_stream,
          nzn_winding_woodlands_hourglass, nzn_winding_woodlands_5x5_default,
          nzn_winding_woodlands_center_pierced_h,
          nzn_winding_woodlands_5x5_three,
          nzn_winding_woodlands_5x5_closed_star,
          nzn_winding_woodlands_5x15_jagged,
          nzn_winding_woodlands_5x5_perimeter], layout_gridlike,
          guppyfry_snake_entry_garden, gauntlet_entry_generic
Lair:4:   layout_roguey, nicolae_volcano_entry_lava_flow, grunt_megastairs_4
Lair:5:   grunt_lair_end_beastmaster, layout_misc_corridors, slime_entry_1
Shoals:1: layout_shoals, serial_shops, shop, nicolae_shop_behind_doors,
          shop_statue, ebering_ghost_davey_jones
Shoals:2: layout_shoals, ebering_ghost_reflecting_pool
Shoals:3: layout_shoals, nicolae_shop_self_help
Shoals:4: shoals_end_grunt_ice, layout_shoals, nicolae_shoals_circle_sea_wall
Snake:1:  nicolae_snake_unarmed_stairs_patrol, layout_gridlike,
          nicolae_snake_serpentine_hallways, nicolae_shop_i_like_big_books,
          serial_bayou_shore_a
Snake:2:  cheibrodos_snake_ritualist_ritual, layout_misc_corridors
Snake:3:  layout_grid_maze, grunt_megastairs_5
Snake:4:  snake_pit_salamanders_mu, layout_layer_cave, uniq_nikola, uniq_aizul
Slime:1:  layout_caves
Slime:2:  layout_caves
Slime:3:  layout_caves, nicolae_slime_barrier, dissolution_awaits
Slime:4:  layout_caves
Slime:5
Orc:1:    layout_caves, mines2_david, uniq_nergalle
Orc:2:    st_orc_rangers, layout_diamond_mine, nicolae_shop_firing_range
Elf:1:    eino_elf_arrival_customs, layout_loops_ring, minmay_elf_demonology,
          minmay_shoptagon, lemuel_upstairs_altar
Elf:2:    nicolae_elf_blades_splatter_lattice [nicolae_blade_lattice],
          layout_geoelf_octagon, ploomutoo_gammafunk_ghost_potion_laboratory,
          serial_shops, nicolae_shop_window_shopping,
          infiniplex_enter_wizlab_water
Elf:3:    minmay_elf_hall, layout_geoelf_grid, uniq_roxanne, uniq_mara
Vaults:1: ontoclasm_vaults_ring_large, nicolae_vaults_display_case,
          vaults_mumra_hex, ontoclasm_vaults_idyll,
          nicolae_vaults_little_squares_6, layout_vaults_omnigrid
Vaults:2: nicolae_vaults_little_squares_4, nicolae_vaults_network_quinsquares
          [nicolae_vaults_network_quincunx_subvault,
          nicolae_vaults_network_quincunx_subvault,
          nicolae_vaults_network_quincunx_subvault,
          nicolae_vaults_network_quincunx_subvault], vaults_mumra_minichess,
          vaults_room_stairs_pillars, nicolae_vaults_bisected_slash,
          grunt_vaults_bifocal, vaults_room_pool, hangedman_vaults_cutoff,
          vaults_room_large_hall, nicolae_vaults_alarming, v_misc_9,
          vaults_room_pools, layout_vaults_ring
Vaults:3: v_misc_16, st_eye, ontoclasm_vaults_idyll, v_alt_pattern_5,
          v_alt_pattern_1, nicolae_vaults_circle_grid_b, hangedman_vaults_slice,
          v_misc_18, layout_vaults_chaotic_city, dummy_crypt_entry
Vaults:4: hangedman_vaults_slice, nicolae_vaults_diagonal_hallway_7,
          v_alt_pattern_1, hangedman_vaults_slither, hangedman_vaults_nails,
          vaults_dpeg_ring, v_misc_10, vaults_room_stairs_pillars,
          nicolae_vaults_big_ls, nicolae_vaults_network_quincunx
          [nicolae_vaults_network_quincunx_subvault,
          nicolae_vaults_network_quincunx_subvault,
          nicolae_vaults_network_quincunx_subvault,
          nicolae_vaults_network_quincunx_subvault,
          nicolae_vaults_network_quincunx_subvault], grunt_vaults_diagonal,
          vaults_mumra_lcd, nicolae_vaults_little_squares_1,
          nicolae_vaults_asterisk, layout_vaults_omnibox, uniq_margery
Vaults:5

Skill      XL: |  1  2  3  4  5  6  7  8  9 10 11 12 13 14 15 16 17 18 19 20 21 22 23 |
---------------+----------------------------------------------------------------------+-----
Ranged Weapons | 5 7 8 9 11 13 15 17 18 | 18.0
Fighting       | 2 3 4 5 7 8 11 14 15 18 21 22 | 22.0
Invocations    | 2 6 8 11 12 | 12.2
Dodging        | 10 17 22 | 22.0
Evocations     | 3 10 11 14 20 24 25 | 25.0
Armour         | 3 9 11 | 11.0
Translocations | 1 |  1.1
Short Blades   | |  0.4
Long Blades    | |  0.2
Axes           | |  0.2
Maces & Flails | |  0.2
Polearms       | |  0.2
Staves         | |  0.3
Throwing       | |  0.4
Stealth        | |  1.5
Shields        | |  0.2
Conjurations   | |  0.2
Hexes          | |  0.6
Summonings     | |  0.2
Necromancy     | |  0.4
Transmutations | |  0.9
Fire Magic     | |  0.3
Ice Magic      | |  0.2
Air Magic      | |  0.3
Earth Magic    | |  0.2
Poison Magic   | |  0.3

Action                   |  1- 3 |  4- 6 |  7- 9 | 10-12 | 13-15 | 16-18 | 19-21 | 22-24 || total
-------------------------+-------+-------+-------+-------+-------+-------+-------+-------++-------
Melee: Arbalest          |       |       |       |     1 |     4 |       |       |       ||     5
 Fire: Shortbow          |   117 |   160 |   190 |       |       |       |  1340 |   831 ||  2638
       Sling             |       |       |    45 |       |       |       |       |       ||    45
       Arbalest          |       |       |    90 |   442 |   996 |  1254 |   257 |       ||  3039
       Hand crossbow     |       |       |       |       |    65 |       |       |       ||    65
Invok: Recall Ancestor   |       |       |       |     1 |     9 |     7 |     3 |     7 ||    27
       Ancestor Life: Kn |       |       |       |     1 |       |       |       |       ||     1
       Idealise          |       |       |       |       |     1 |     2 |     5 |     3 ||    11
Evoke: Wand              |       |       |       |       |     3 |     2 |     4 |     4 ||    13
       Condenser vane    |       |       |       |       |       |       |     2 |       ||     2
       Box of beasts     |       |       |       |       |       |       |     1 |       ||     1
       Lightning rod     |       |       |       |       |       |       |     1 |       ||     1
  Use: Scroll            |       |     7 |     7 |    12 |     8 |     4 |     6 |     7 ||    51
       Potion            |       |       |     1 |       |     2 |       |     6 |     7 ||    16
Armor: Robe              |     6 |     4 |    13 |     4 |    10 |     3 |     5 |     2 ||    47
Dodge: Dodged            |    57 |    53 |   161 |    73 |   196 |   551 |   276 |   222 ||  1589
